 Dungeon Crawl Stone Soup version 0.28-a0-861-ge64d6db94f (webtiles) character file.

Game seed: 3252559275963583556

494 pascalblue the Conjurer (level 6, 0/32 HPs)
             Began as a Deep Elf Conjurer on Nov 15, 2021.
             Slain by a scorpion zombie (1 damage)
             ... on level 5 of the Dungeon.
             The game lasted 00:08:29 (3860 turns).

pascalblue the Conjurer (Deep Elf Conjurer)         Turns: 3860, Time: 00:08:30

Health: 0/32       AC:  4    Str:  4    XL:     6   Next: 92%
Magic:  4/17       EV: 12    Int: 25    God:
Gold:   124        SH:  0    Dex: 15    Spells: 14/17 levels left

rFire   . . .      SeeInvis .   c - +2 short sword (venom)
rCold   . . .      Faith    .   (no shield)
rNeg    . . .      Spirit   .   a - +0 robe
rPois   .          Reflect  .   e - +0 helmet
rElec   .          Harm     .   g - scarf {shadows}
rCorr   .          Rampage  .   n - +0 pair of gloves
Will    .....                   (no boots)
Stlth   +++.......              (no amulet)
HPRegen 0.10/turn               (no ring)
MPRegen 0.15/turn               (no ring)

@: no status effects
A: thin skeletal structure 1, no potion heal 1, inability to read while
threatened
a: no special abilities


You were on level 5 of the Dungeon.
You visited 1 branch of the dungeon, and saw 6 of its levels.

You collected 124 gold pieces.

Inventory:

Hand Weapons
 c - a +2 short sword of venom (weapon)
Armour
 a - a +0 robe (worn)
 e - a +0 helmet (worn)
 g - a scarf of shadows (worn)
 n - a +0 pair of gloves (worn)
Jewellery
 d - an amulet of reflection
Scrolls
 i - a scroll of identify
 j - a scroll of summoning {unknown}
 k - a scroll of holy word {unknown}
 l - a scroll of blinking {unknown}
 m - a scroll of teleportation {unknown}
 o - a scroll of amnesia {unknown}
Potions
 b - a potion of mutation
 f - 2 potions of haste
 h - 3 potions of lignification {unknown}
 p - a potion of flight {unknown}
 q - a potion of curing {unknown}


   Skills:
 - Level 2.4 Dodging
 - Level 2.4 Stealth
 + Level 6.2 Spellcasting
 * Level 7.9 Conjurations


You had 14 spell levels left.
You knew the following spells:

 Your Spells              Type           Power      Damage    Failure   Level
a - Magic Dart            Conj           100%       1d8       1%          1
b - Searing Ray           Conj           94%        2d7       1%          2

Your spell library contained the following spells:

 Spells                   Type           Power      Damage    Failure   Level
 Dazzling Flash           Conj/Hex       54%        N/A       4%          3
 Pain                     Necr           28%        1d5       8%          1
 Fulminant Prism          Conj/Hex       13%        3d9       14%         4
 Iskenderun's Mystic Bla  Conj/Tloc      27%        2d7       14%         4
 Summon Lightning Spire   Summ/Air       7%         N/A       58%         4
 Agony                    Necr           7%         N/A       90%         5
 Excruciating Wounds      Necr           3%         N/A       90%         5
 Storm Form               Tmut/Air       3%         N/A       100%        7
 Maxwell's Capacitive Co  Air            3%         ∞         100%        8


Dungeon Overview and Level Annotations

Branches:
Dungeon (6/15)
 Temple: D:4-7

Altars:


Innate Abilities, Weirdness & Mutations

You have a somewhat thin skeletal structure. (Dex +2, Stealth+)
Potions are less effective at restoring your health.
You sometimes lose the ability to read scrolls when taking damage.


Message History

The bullfrog zombie hits you but does no damage.
The searing ray hits the bullfrog zombie!
The bullfrog zombie is almost destroyed.
The searing ray hits the gnoll!
You kill the gnoll!
The bullfrog zombie hits you. The bullfrog zombie misses you.
The searing ray hits the bullfrog zombie.
The bullfrog zombie is almost destroyed.
The bullfrog zombie closely misses you.
The searing ray hits the bullfrog zombie.
You destroy the bullfrog zombie!
The searing ray hits the gnoll.
The gnoll is moderately wounded.
You finish channelling your searing ray.
Casting: Searing Ray (safe; 1% risk of failure)
Confirm with . or Enter, or press ? or * to list all spells.
Aiming: Searing Ray (safe; 1% risk of failure)
Press: ? - help, Shift-Dir - straight line The searing ray hits the gnoll!
You kill the gnoll!
The searing ray hits the scorpion zombie!
The scorpion zombie is moderately damaged. (Press . to maintain the ray.)
The searing ray hits the scorpion zombie!
The scorpion zombie is heavily damaged.
The searing ray hits the scorpion zombie.
The scorpion zombie is severely damaged.
The scorpion zombie hits you!
* * * LOW HITPOINT WARNING * * *
The searing ray hits the scorpion zombie!
The scorpion zombie is almost destroyed.
You finish channelling your searing ray.
The scorpion zombie hits you.
* * * LOW HITPOINT WARNING * * *
It was a potion of mutation.
You feel extremely strange.
You lose the ability to read scrolls when threatened.
Your system partially rejects the healing effects of potions.
Your bones become slightly less dense.
The scorpion zombie hits you.
You die...

#....# #....###
#.....>##
###.....#
#..##..#
#.....##
#.##.....#
.......#### ###
#.....@Z).###.#
#....###...#..##
.##....###.....#
#.#..........#
#.#...##..#### #
... #.Z##.#
...##..g..##
..[........#
##.##...g.## #


You could see a scorpion zombie.

Vanquished Creatures
  A sky beast (D:5)
  A scorpion (D:4)
  A water moccasin skeleton (D:4)
  A bullfrog zombie (D:5)
  A hound (D:4)
  Jessica (D:2)
  An orc wizard (D:4)
  Terence (D:2)
  4 adders
  3 gnolls (D:5)
  A white imp (D:4)
  7 orcs (D:4)
  7 endoplasms
  3 giant cockroaches
  6 goblins
  3 hobgoblins
  11 jackals
  5 quokkas
  9 ball pythons
  2 bats (D:2)
  4 frilled lizards
  6 kobolds
  4 rats
83 creatures vanquished.

Vanquished Creatures (others)
  2 withered plants (D:5)
2 creatures vanquished.

Grand Total: 85 creatures vanquished

Notes
Turn   | Place    | Note
-------+----------+-------------------------------------------
     0 | D:1      | pascalblue the Deep Elf Conjurer began the quest for the
                  | Orb.
     0 | D:1      | Reached XP level 1. HP: 10/10 MP: 6/6
   224 | D:1      | Reached XP level 2. HP: 15/15 MP: 4/8
   267 | D:1      | Learned a level 2 spell: Searing Ray
   374 | D:1      | Reached skill level 5 in Conjurations
   811 | D:2      | Reached XP level 3. HP: 19/19 MP: 6/10
  1142 | D:2      | Noticed Terence
  1154 | D:2      | Killed Terence
  1251 | D:2      | Noticed Jessica
  1254 | D:2      | Killed Jessica
  1255 | D:2      | Reached XP level 4. HP: 24/24 MP: 8/12
  1761 | D:3      | Reached skill level 6 in Conjurations
  2197 | D:3      | Found a faded altar of an unknown god.
  2349 | D:3      | Reached XP level 5. HP: 28/28 MP: 11/14
  2724 | D:4      | Reached skill level 5 in Spellcasting
  3191 | D:4      | Reached skill level 7 in Conjurations
  3191 | D:4      | Reached XP level 6. HP: 32/32 MP: 7/16
  3572 | D:4      | You fall into a shaft and drop 2 floors!
  3577 | D:5      | Entered Level 5 of the Dungeon
  3577 | D:5      | Noticed a sky beast
  3582 | D:5      | Killed a sky beast
  3859 | D:5      | HP: 1/32 [scorpion zombie (6)]
  3860 | D:5      | Gained mutation: You sometimes lose the ability to read
                  | scrolls when taking damage. [potion of mutation]
  3860 | D:5      | Gained mutation: Potions are less effective at restoring
                  | your health. [potion of mutation]
  3860 | D:5      | Gained mutation: You have a somewhat thin skeletal
                  | structure. (Dex +2, Stealth+) [potion of mutation]
  3860 | D:5      | Slain by a scorpion zombie

Illustrated notes

Levels and vault maps discovered:
D:1:      wander_arrival_chamber, layout_rooms, minmay_misc_feat_ornament
D:2:      layout_loops_cross, uniq_jessica, uniq_terence
D:3:      layout_loops_corners, shapermc_ecumenical_altar_totnotflames
D:4:      layout_layer_cave, minmay_temple_entry_from_below_a
D:5:      layout_cave_pools, nicolae_sif_muna_condensation, serial_undead,
          serial_undead_d, serial_undead_d, serial_undead_d, serial_undead_e,
          serial_undead_f, serial_undead_a, serial_shops, shop,
          ebering_ghost_reflecting_pool, minmay_tree_intersection
D:6:      layout_cave_pods, serial_shops, shop, serial_column_ruins,
          column_ruins_hut, column_ruins_columns_straight, column_ruins_grid_2,
          column_ruins_columns_straight

Skill      XL: |  1  2  3  4  5  6 |
---------------+-------------------+-----
Conjurations   | 5 6 7 |  7.9
Spellcasting   | 4 5 6 |  6.2
Dodging        | |  2.4
Stealth        | |  2.4

Action                   |  1- 3 |  4- 6 || total
-------------------------+-------+-------++-------
 Cast: Magic Dart        |    46 |    66 ||   112
       Searing Ray       |     5 |    16 ||    21
  Use: Scroll            |     1 |       ||     1
       Potion            |       |     1 ||     1
Armor: Robe              |     1 |     8 ||     9
Dodge: Dodged            |     3 |    13 ||    16

Table legend: (Time is in decaauts)
 A = Elapsed time spent in this place.
 B = Non-inter-level travel time spent in this place.
 C = Inter-level travel time spent in this place.
 D = Time resting spent in this place.
 E = Time spent auto-exploring this place.
 F = Levels seen in this place.
 G = Mean time per level.
                   A        B        C        D        E       F      G
               +--------+--------+--------+--------+--------+-----+--------+
         Total |   3858 |   3799 |     59 |    271 |   3097 |   6 |  643.0 |
       Dungeon |   3858 |   3799 |     59 |    271 |   3097 |   6 |  643.0 |
               +--------+--------+--------+--------+--------+-----+--------+

Top non-repeatable levels by time:
     D:4: 1009 daAuts
     D:3: 903 daAuts
     D:2: 854 daAuts
     D:1: 802 daAuts
     D:5: 282 daAuts
     D:6: 4 daAuts
